 Dungeon Crawl Stone Soup version 0.22-a0-374-g5dfd9e3 (webtiles) character file.

1754 Gildeon the Cleaver (level 8, -3/64 HPs)
             Began as a Minotaur Fighter on Apr 26, 2018.
             Slain by EnegeticOcto's ghost (22 damage)
             ... on level 6 of the Dungeon.
             The game lasted 00:16:12 (4168 turns).

Gildeon the Cleaver (Minotaur Fighter)              Turns: 4168, Time: 00:16:12

Health: -3/64      AC: 15    Str: 21    XL:     8   Next: 78%
Magic:  7/7        EV:  5    Int:  6    God:
Gold:   228        SH:  9    Dex: 11    Spells: 7/7 levels left

rFire    + . .     SeeInvis .   a - +1 war axe
rCold    + . .     Gourm    +   c - +0 shield
rNeg     . . .     Faith    .   r - +4 chain mail {rC+}
rPois    .         Spirit   .   (helmet restricted)
rElec    .         Reflect  .   u - +0 cloak
rCorr    .         Harm     .   g - +0 pair of gloves
MR       +....                  (no boots)
Stlth    ..........             q - amulet of the gourmand
HPRegen  0.20/turn              s - ring of protection from magic
MPRegen  0.10/turn              n - ring of protection from fire

@: no status effects
A: retaliatory headbutt, horns 2
a: no special abilities


You were on level 6 of the Dungeon.
You were completely stuffed.

You visited 1 branch of the dungeon, and saw 6 of its levels.

You collected 228 gold pieces.

Inventory:

Hand Weapons
 a - a +1 war axe (weapon)
 o - a +0 flail of draining
Armour
 c - a +0 shield (worn)
 g - a +0 pair of gloves (worn)
 r - a +4 chain mail of cold resistance (worn)
 u - a +0 cloak (worn)
Jewellery
 n - a ring of protection from fire (right hand)
 q - an amulet of the gourmand (around neck)
 s - a ring of protection from magic (left hand)
Wands
 e - a wand of random effects (35)
 l - a wand of flame (5)
 w - a wand of clouds (13)
Scrolls
 k - a scroll of teleportation
 p - a scroll of fog
Potions
 b - 3 potions of curing
 h - a potion of invisibility
 i - a potion of flight
 m - a potion of heal wounds {unknown}
 v - 2 potions of brilliance {unknown}
 x - a potion of agility {unknown}
Comestibles
 f - 11 rations


   Skills:
 - Level 3.6 Fighting
 + Level 13.2 Axes
 - Level 3.6 Armour
 - Level 3.6 Shields


You had 7 spell levels left.
You didn't know any spells.

Dungeon Overview and Level Annotations

Branches:
Dungeon (6/15)
 Temple: D:4-7

Altars:
Dithmenos
Elyvilon
Hepliaklqana
Trog
Uskayaw
Xom
Yredelemnul

Annotations:
D:6 EnegeticOcto's ghost, novice TrMo


Innate Abilities, Weirdness & Mutations

You reflexively headbutt those who attack you in melee.
You have a pair of horns on your head.


Message History

EnegeticOcto's ghost is almost destroyed.
You hit the centaur.
The centaur unwields an uncursed shortbow.
The centaur hits you.
* * * LOW HITPOINT WARNING * * *
You block EnegeticOcto's ghost's attack.
You feel better. The centaur hits you.
* * * LOW HITPOINT WARNING * * *
You block EnegeticOcto's ghost's attack.
The centaur hits you but does no damage.
Your shield and chain mail prevent you from hitting EnegeticOcto's ghost.
EnegeticOcto's ghost is almost destroyed.
Your shield and chain mail prevent you from hitting the centaur.
The centaur hits you.
* * * LOW HITPOINT WARNING * * *
You block EnegeticOcto's ghost's attack.
You feel better.
The centaur hits you but does no damage.
EnegeticOcto's ghost hits you!!
You die...

,,..# #.#******,,***,*,*,*,*
###.# #.# ###,,,<,,,,,*,*,****
..#.# #.# #..,,,*,***,*,*,,,,,
..#.# #.# #.#,***,*,,,*,*****,
..#.# #.# #.#,,,#,,,,,*,* *,
..#.#####.####.#**.#,*,,,*,* *,
.....#.......#.###.#**,,,*,* **
...................###..,*,* *
..#.....####.#(.@c......,*,******
#.#.###.####.####W.####.,,,,,,,,,
..#.#.........,,,.....,,,*,*,,,,,
....#....###.##**#..###*,*,*,,,,,
#.............,,**..#* *,*,*,,,,,
#####....#.###****...* *,*,,,,,,,
#....#..,,,,,,,#.#**,***,,,,,
######...#,*,,,,,,,,..,,,,,*,***+
.........#**,*******,***,*,*,* *,


You could see a centaur and EnegeticOcto's ghost.

Vanquished Creatures
  Grinder (D:3)
  Edmund (D:5)
  Menkaure (D:5)
  A sky beast (D:5)
  An ice beast (D:5)
  A phantom (D:6)
  An ogre (D:5)
  A centaur (D:6)
  A water moccasin skeleton (D:5)
  A crimson imp (D:5)
  A bullfrog zombie (D:5)
  2 orc priests
  Crazy Yiuf (D:4)
  A jelly (D:5)
  A hound (D:6)
  Ijyb (D:3)
  A bullfrog skeleton (D:3)
  2 iguanas (D:4)
  Terence (D:3)
  6 orc wizards
  3 worker ants
  Robin (D:2)
  11 adders
  2 shadow imps (D:5)
  An ooze (D:1)
  4 worms
  6 leopard geckos
  14 orcs
  A giant cockroach (D:4)
  17 goblins
  9 hobgoblins
  2 jackals (D:2)
  12 kobolds
  2 quokkas
  11 bats
  3 frilled lizards
  2 quokka skeletons
  5 rats
  2 fungi (D:4)
135 creatures vanquished.

Notes
Turn   | Place    | Note
-------+----------+-------------------------------------------
     0 | D:1      | Gildeon the Minotaur Fighter began the quest for the Orb.
     0 | D:1      | Reached XP level 1. HP: 19/19 MP: 0/0
    26 | D:1      | Reached skill level 3 in Axes
    98 | D:1      | Reached XP level 2. HP: 26/26 MP: 1/1
   362 | D:1      | Reached skill level 4 in Axes
   610 | D:2      | Reached XP level 3. HP: 28/31 MP: 2/2
   776 | D:2      | Reached skill level 5 in Axes
   814 | D:2      | Noticed Robin
   822 | D:2      | Killed Robin
   822 | D:2      | Reached XP level 4. HP: 39/39 MP: 3/3
   905 | D:2      | Reached skill level 6 in Axes
  1512 | D:3      | Reached XP level 5. HP: 28/45 MP: 4/4
  1740 | D:3      | Noticed Ijyb
  1746 | D:3      | Killed Ijyb
  1846 | D:3      | Reached skill level 7 in Axes
  1970 | D:3      | Reached XP level 6. HP: 51/51 MP: 5/5
  2290 | D:3      | Noticed Terence
  2295 | D:3      | Noticed Grinder
  2295 | D:3      | Killed Terence
  2295 | D:3      | Reached skill level 8 in Axes
  2302 | D:3      | Killed Grinder
  2302 | D:3      | Reached skill level 9 in Axes
  2302 | D:3      | Reached XP level 7. HP: 45/57 MP: 6/6
  2390 | D:4      | Found a hide-covered altar of Uskayaw.
  2391 | D:4      | Found a shadowy altar of Dithmenos.
  2394 | D:4      | Found a hazy altar of Hepliaklqana.
  2394 | D:4      | Found a basalt altar of Yredelemnul.
  2575 | D:4      | Found a shimmering altar of Xom.
  2970 | D:4      | Found a runed door.
  2974 | D:4      | Noticed Crazy Yiuf
  2976 | D:4      | Killed Crazy Yiuf
  3016 | D:5      | Entered Level 5 of the Dungeon
  3020 | D:5      | Reached skill level 10 in Axes
  3269 | D:5      | Reached skill level 11 in Axes
  3272 | D:5      | Noticed Edmund
  3276 | D:5      | Noticed Menkaure
  3276 | D:5      | Reached XP level 8. HP: 34/64 MP: 7/7
  3294 | D:5      | Killed Menkaure
  3294 | D:5      | Reached skill level 12 in Axes
  3310 | D:5      | Killed Edmund
  3590 | D:5      | Found a white marble altar of Elyvilon.
  3965 | D:6      | Reached skill level 13 in Axes
  4038 | D:6      | Noticed a moth of wrath
  4041 | D:6      | Found a bloodstained altar of Trog.
  4151 | D:6      | Noticed EnegeticOcto's ghost (novice TrMo)
  4168 | D:6      | Slain by EnegeticOcto's ghost

Vault maps used:
D:1:      dpeg_arrival_round_c
D:2:      uniq_robin
D:3:      uniq_ijyb, uniq_grinder, uniq_terence
D:4:      xom_teletrap_fun, chequers_temple_overflow_statue_of_worship,
          first_ration, uniq_crazy_yiuf_cottage
D:5:      kennysheep_mini_moat, hangedman_abyss_or_decor_lesser_grid,
          uniq_menkaure, uniq_edmund
D:6:      kennysheep_little_box, tgw_trog, uniq_duvessa

Skill      XL: |  1  2  3  4  5  6  7  8 |
---------------+-------------------------+-----
Axes           | 3 4 5 6 7 9 11 13 | 13.2
Fighting       | |  3.6
Armour         | |  3.6
Shields        | |  3.6

Action                   |  1- 3 |  4- 6 |  7- 9 || total
-------------------------+-------+-------+-------++-------
Melee: War axe           |    67 |   125 |   213 ||   405
       Headbutt          |     5 |    17 |    49 ||    71
Evoke: Wand              |       |       |     8 ||     8
  Use: Scroll            |     4 |     3 |     9 ||    16
       Potion            |       |     3 |     3 ||     6
  Eat: Chunk             |       |    11 |    16 ||    27
Armor: Scale mail        |    24 |     7 |       ||    31
       Chain mail        |       |    22 |    90 ||   112
Dodge: Dodged            |    31 |    41 |    19 ||    91
Block: Shield            |    29 |    61 |    71 ||   161

Table legend:
 A = Spawn XP
 B = Non-spawn XP
 C = Spawn XP percentage of total XP
 D = Spawn monster count
 E = Non-spawn monster count
 F = Spawn count percentage of total count
 G = Total turns spent on level
                    A         B        C        D         E        F      G
               +---------+---------+-------+---------+---------+-------+---------
         Total |       0 |    2506 |   0.0 |       0 |     133 |   0.0 |  4168
               +---------+---------+-------+---------+---------+-------+---------
           D:1 |       0 |      38 |   0.0 |       0 |      20 |   0.0 |   602
           D:2 |       0 |     124 |   0.0 |       0 |      35 |   0.0 |   896
           D:3 |       0 |     593 |   0.0 |       0 |      30 |   0.0 |   873
           D:4 |       0 |     200 |   0.0 |       0 |      11 |   0.0 |   645
           D:5 |       0 |    1165 |   0.0 |       0 |      22 |   0.0 |   884
           D:6 |       0 |     386 |   0.0 |       0 |      15 |   0.0 |   268
               +---------+---------+-------+---------+---------+-------+---------
